 Dungeon Crawl Stone Soup version 0.27-a0-684-g359e429f13 (webtiles) character file.

Game seed: 14419231182502356964

4 ReteAZ the Chiller (level 1, -1/13 HPs)
             Began as a Human Ice Elementalist on Mar 20, 2021.
             Hit by a stone thrown by a kobold (2 damage)
             ... on level 1 of the Dungeon.
             The game lasted 00:00:20 (177 turns).

ReteAZ the Chiller (Human Ice Elementalist)          Turns: 177, Time: 00:00:20

Health: -1/13      AC:  2    Str:  8    XL:     1   Next: 77%
Magic:  2/3        EV: 12    Int: 15    God:
Gold:   8          SH:  0    Dex: 13    Spells: 3/4 levels left

rFire    . . .     SeeInvis .   (no weapon)
rCold    . . .     Faith    .   (no shield)
rNeg     . . .     Spirit   .   a - +0 robe
rPois    .         Reflect  .   (no helmet)
rElec    .         Harm     .   (no cloak)
rCorr    .         Rampage  .   (no gloves)
Will     .....                  (no boots)
Stlth    ++........             (no amulet)
HPRegen  0.04/turn              (no ring)
MPRegen  0.08/turn              (no ring)

@: no status effects
A: no striking features
a: no special abilities


You were on level 1 of the Dungeon.
You visited 1 branch of the dungeon, and saw 1 of its levels.

You collected 8 gold pieces.

Inventory:

Armour
 a - a +0 robe (worn)
Scrolls
 c - a scroll of identify {unknown}
 d - a scroll of teleportation {unknown}
Potions
 b - a potion of curing {unknown}


   Skills:
 - Level 2.0 Dodging
 - Level 2.0 Stealth
 + Level 2.2 Spellcasting
 + Level 4.1 Ice Magic


You had 3 spell levels left.
You knew the following spells:

 Your Spells              Type           Power      Damage    Failure   Level
a - Freeze                Ice            56%        1d7       4%          1

Your spell library contained the following spells:

 Spells                   Type           Power      Damage    Failure   Level
 Frozen Ramparts          Ice            28%        1d4       12%         3
 Ozocubu's Armour         Ice            14%        N/A       12%         3
 Hailstorm                Conj/Ice       7%         3d4       67%         4
 Summon Ice Beast         Ice/Summ       7%         N/A       67%         4


Dungeon Overview and Level Annotations

Branches:
Dungeon (1/15)

Altars:


Message History

You freeze the bat.
The bat is severely wounded.
The bat closely misses you. The bat hits you. The bat closely misses you.
You freeze the bat.
You kill the bat!
d - a scroll labelled BEHOAH YGAET USAP
There is an open door here.
Found 18 stones.
A goblin comes into view.
Found 11 stones.
The goblin shouts!
You hear a shout!
A dart slug comes into view.
You hit the goblin.
The goblin is moderately wounded.
The goblin closely misses you.
You miscast Freeze.
You are very lightly contaminated with residual magic.
Nothing appears to happen.
The goblin hits you but does no damage.
You freeze the goblin.
You kill the goblin!
A kobold comes into view.
The kobold throws a stone.
The stone hits you.
The kobold throws a stone.
The stone closely misses you. The dart slug bites you.
You freeze the dart slug.
The dart slug is moderately wounded.
The kobold throws a stone.
The stone misses you. The dart slug closely misses you.
The kobold throws a stone.
The stone barely misses you.
Your magical contamination has completely faded away.
The dart slug launches a dart at you. The slug dart misses you.
The kobold throws a stone.
The stone hits you. The dart slug launches a dart at you.
The slug dart hits you.
* * * LOW HITPOINT WARNING * * *
The kobold throws a stone.
The stone hits you.
* * * LOW HITPOINT WARNING * * *
The kobold throws a stone.
The stone hits you.
You die...

#.......# #...K..#
#....K..# #.....(#
#.......# #......#
#.......# #......#
#(......+ ....#.##
#.......# ####.#.#
####.......#
#........###
#....@...#
#........#
#########........#
#................#
#..........#######
####..........#
..............#
.......[......#
..............#


You could see a kobold.

Vanquished Creatures
  3 bats (D:1)
  A goblin (D:1)
4 creatures vanquished.

Notes
Turn   | Place    | Note
-------+----------+-------------------------------------------
     0 | D:1      | ReteAZ the Human Ice Elementalist began the quest for the
                  | Orb.
     0 | D:1      | Reached XP level 1. HP: 13/13 MP: 3/3
   177 | D:1      | Hit by a stone thrown by a kobold

Illustrated notes

Levels and vault maps discovered:
D:1:      minmay_arrival_wavy_path, layout_basic

Action                   || total
-------------------------++-------
Melee: Unarmed           ||     3
 Cast: Freeze            ||     6
Armor: Robe              ||     2
Dodge: Dodged            ||    11

Table legend: (Time is in decaauts)
 A = Elapsed time spent in this place.
 B = Non-inter-level travel time spent in this place.
 C = Inter-level travel time spent in this place.
 D = Time resting spent in this place.
 E = Time spent auto-exploring this place.
 F = Levels seen in this place.
 G = Mean time per level.
                   A        B        C        D        E       F      G
               +--------+--------+--------+--------+--------+-----+--------+
         Total |    177 |    177 |      0 |      0 |    128 |   1 |  177.0 |
       Dungeon |    177 |    177 |      0 |      0 |    128 |   1 |  177.0 |
               +--------+--------+--------+--------+--------+-----+--------+

Top non-repeatable levels by time:
     D:1: 177 daAuts
